 Dungeon Crawl Stone Soup version 0.31-a0-229-g1fc7ce93e2 (webtiles) character file.

Game seed: 10541092168493535347

71 qw the Shooter (level 4, 0/26 HPs)
             Began as a Gargoyle Hexslinger on July 6, 2023.
             Slain by Natasha (1 damage)
             ... on level 2 of the Dungeon.
             The game lasted 00:00:38 (1298 turns).

qw the Shooter (Gargoyle Hexslinger)                Turns: 1298, Time: 00:00:38

Health: 0/26       AC:  9    Str: 11    XL:     4   Next: 24%
Magic:  5/5        EV: 10    Int: 14    God:
Gold:   73         SH:  0    Dex: 14    Spells: 4/5 levels left

rFire   . . .        Y - +3 sling
rCold   . . .        (no shield)
rNeg    + . .        e - +0 ring mail
rPois   inf          (no helmet)
rElec   +            (no cloak)
rCorr   .            m - +0 pair of gloves
SInv    .            (no boots)
Will    .....        (no amulet)
Stlth   +            (no ring)
HPRegen 0.24/turn    (no ring)
MPRegen 0.09/turn

%: no passive effects
@: slowed, very slow
A: sickness immunity, AC +3, negative energy resistance 1, electricity
resistance, torment resistance 1, petrification resistance
a: no special abilities


You were on level 2 of the Dungeon.
You visited 1 branch of the dungeon, and saw 2 of its levels.

You collected 73 gold pieces.


Innate Abilities, Weirdness & Mutations

You are immune to sickness and miasma.
Your stone body is resilient. (AC +3)
You are immune to poison.
You resist negative energy. (rN+)
You are resistant to electric shocks. (rElec)
You are resistant to unholy torment.
You are immune to petrification.


   Skills:
 - Level 2.0 Fighting
 + Level 3.8 Ranged Weapons
 - Level 1.0 Armour
 - Level 1.5 Dodging
 - Level 1.0 Spellcasting
 - Level 2.6 Hexes


You had 4 spell levels left.
You knew the following spells:

 Your Spells              Type           Power      Damage    Failure   Level
a - Slow                  Hex            32%        N/A       21%         1

Your spell library contained the following spells:

 Spells                   Type           Power      Damage    Failure   Level
 Inner Flame              Hex/Fire       4%         N/A       71%         3
 Portal Projectile        Hex/Tloc       8%         N/A       71%         3
 Cause Fear               Hex            4%         N/A       90%         4

Inventory:

Hand Weapons
 Y - a +3 sling (weapon)
Armour
 c - a +0 robe of cold resistance
 e - a +0 ring mail (worn)
 m - a +0 pair of gloves (worn)
Scrolls
 b - a scroll of revelation {unknown}
 f - a scroll of identify
 g - a scroll of silence {unknown}
Potions
 a - a potion of brilliance {unknown}
 d - a potion of heal wounds {unknown}
 l - a potion of ambrosia {unknown}

Dungeon Overview and Level Annotations

Branches:
Dungeon (2/15)

Altars:
Kikubaaqudgha

Annotations:
D:2 Natasha


Message History

Natasha claws you!
The cerulean imp hits you from afar with a +0 spear.
Natasha mumbles some strange words.
The cerulean imp closely misses you.
You shoot a sling bullet. The sling bullet misses Natasha.
Natasha barely misses you.
The cerulean imp hits you but does no damage.
The cerulean imp closely misses you. Natasha claws you but does no damage.
The cerulean imp hits you but does no damage. x2
You shoot a sling bullet. The sling bullet hits Natasha.
Natasha is heavily wounded.
Natasha claws you but does no damage. The cerulean imp closely misses you.
The cerulean imp hits you from afar with a +2 spear.
Natasha closely misses you.
The cerulean imp hits you but does no damage. x2
You shoot a sling bullet.
The sling bullet closely misses Natasha.
Natasha closely misses you.
The cerulean imp hits you but does no damage.
The cerulean imp barely misses you. Natasha casts a spell at you.
The magic dart hits you.
The cerulean imp hits you but does no damage.
The cerulean imp hits you from afar with a +2 spear.
You shoot a sling bullet. The sling bullet hits Natasha.
Natasha is severely wounded.
Natasha claws you but does no damage.
The cerulean imp hits you but does no damage.
The cerulean imp barely misses you. Natasha barely misses you.
The cerulean imp hits you but does no damage.
The cerulean imp closely misses you.
You shoot a sling bullet.
The sling bullet closely misses Natasha.
Natasha claws you.
The cerulean imp hits you but does no damage.
The cerulean imp barely misses you. Natasha closely misses you.
The cerulean imp barely misses you. The cerulean imp closely misses you.
You shoot a sling bullet. The sling bullet barely misses Natasha.
Natasha claws you.
You die...

..#+#....)##.#####.#
.............#####.#
................##.#
................##<#
......#.........####
#...............#
#.......#......##
........#.....>#
#......@#......#
.#.....h.5.....#
~~#......5.....#
~..#............#
...#............# ..
#..###...... #..
###### #..


You could see Natasha and 2 cerulean imps.

Vanquished Creatures
  An adder (D:2)
  3 dart slugs (D:1)
  5 ball pythons
  3 bats (D:2)
  5 endoplasms
  2 giant cockroaches
  8 goblins
  8 hobgoblins
  A quokka (D:2)
  A frilled lizard (D:1)
  8 kobolds
  4 rats
49 creatures vanquished.

Notes
Turn   | Place    | Note
-------+----------+-------------------------------------------
     0 | D:1      | qw the Gargoyle Hexslinger began the quest for the Orb.
     0 | D:1      | Reached XP level 1. HP: 12/12 MP: 2/2
     0 | D:1      | 0 ||| qw: Version: 0.3-a-46-gb1f654a
     0 | D:1      | 0 ||| qw: Game counter: 1126
     0 | D:1      | 0 ||| qw: Melee chars always use a shield: true
     0 | D:1      | 0 ||| qw: God list: Okawaru
     0 | D:1      | 0 ||| qw: Allow faded altars: false
     0 | D:1      | 0 ||| qw: Do Orc after clearing Dungeon:15 true
     0 | D:1      | 0 ||| qw: Do second Lair branch before Depths: true
     0 | D:1      | 0 ||| qw: Lair rune preference: random
     0 | D:1      | 0 ||| qw: Goals: Normal
     0 | D:1      | 0 ||| PLANNING D:1-11
    27 | D:1      | 27 ||| FLEEEEING.
    28 | D:1      | 28 ||| FLEEEEING.
   192 | D:1      | Reached XP level 2. HP: 16/16 MP: 3/3
   240 | D:1      | Reached skill level 3 in Ranged Weapons
   661 | D:1      | Reached XP level 3. HP: 21/21 MP: 4/4
   896 | D:1      | 896 ||| UPGRADING to +0 leather armour.
   906 | D:1      | 906 ||| DROPPING +0 robe.
   907 | D:1      | 907 ||| UPGRADING to +0 ring mail.
   917 | D:1      | 917 ||| DROPPING +0 leather armour.
   918 | D:1      | 918 ||| UPGRADING to +0 pair of gloves.
   923 | D:1      | 923 ||| READING scroll labelled DUWKUO RYILL.
   924 | D:1      | 924 ||| READING scroll labelled WOLAUS GENWAPP.
   928 | D:1      | 928 ||| READING scroll labelled JITWIK GAEPNE.
   929 | D:1      | 929 ||| READING scroll labelled SEOXUE DATSU.
   930 | D:1      | 930 ||| READING scroll labelled ZOCIUDWOINIR.
   931 | D:1      | 931 ||| DRINKING 2 red potions.
   932 | D:1      | 932 ||| DROPPING scroll of poison.
   933 | D:1      | 933 ||| DROPPING potion of attraction.
  1005 | D:2      | Found an ancient bone altar of Kikubaaqudgha.
  1046 | D:2      | Reached skill level 1 in Armour
  1163 | D:2      | Reached XP level 4. HP: 22/26 MP: 5/5
  1192 | D:2      | 1192 ||| READING scroll of enchant weapon.
  1192 | D:2      | 1192 ||| ENCHANTING +2 sling.
  1286 | D:2      | Noticed Natasha
  1295 | D:2      | HP: 5/26 [cerulean imp/+2 spear[Natasha] (2)]
  1297 | D:2      | HP: 1/26 [Natasha (5)]
  1298 | D:2      | Slain by Natasha

Levels and vault maps discovered:
D:1:      saegor_arrival_under_anarchy, layout_loops_corners
D:2:      layout_basic, basic_altar, shapermc_ecumenical_altar_starsandcircs,
          minmay_misc_feat_columns, minmay_randomly_rotated_circles,
          uniq_natasha, uniq_jessica

Skill      XL: |  1  2  3 |
---------------+----------+-----
Ranged Weapons | 3 |  3.8
Fighting       | 2 |  2.0
Armour         | 1 |  1.0
Dodging        | |  1.5
Spellcasting   | |  1.0
Hexes          | |  2.6

Action                     |  1- 3 |  4- 6 || total
---------------------------+-------+-------++-------
   Fire: Sling             |   125 |    26 ||   151
    Use: Scroll            |     5 |     1 ||     6
         Potion            |     1 |       ||     1
 Armour: Robe              |     7 |       ||     7
         Ring mail         |     8 |    18 ||    26
  Dodge: Dodged            |    19 |    27 ||    46

Table legend:
 A = Non-vault XP
 B = Vault XP
 C = Vault XP percentage of total XP
 D = Non-vault monster count
 E = Vault monster count
 F = Vault count percentage of total count
                 A         B        C        D         E       F
            +---------+---------+-------+---------+---------+-------
      Total |      93 |       9 |   8.8 |      43 |       6 |  12.2
            +---------+---------+-------+---------+---------+-------
        D:1 |      49 |       0 |   0.0 |      25 |       0 |   0.0
        D:2 |      44 |       9 |  17.0 |      18 |       6 |  25.0
            +---------+---------+-------+---------+---------+-------
